 Dungeon Crawl Stone Soup version 0.23.1 (webtiles) character file.

Game seed: 5482302591269027674

107 Borgoz the Sneak (level 4, -4/35 HPs)
             Began as a Ghoul Enchanter on Mar 5, 2019.
             Was an Initiate of Ashenzari.
             Slain by a bullfrog (7 damage)
             ... on level 3 of the Dungeon.
             The game lasted 00:06:29 (3256 turns).

Borgoz the Sneak (Ghoul Enchanter)                  Turns: 3256, Time: 00:06:29

Health: -4/35      AC:  3    Str:  8 (11) XL:     4   Next: 86%
Magic:  2/6        EV: 11    Int: 15 (16) God:    Ashenzari [......]
Gold:   28         SH:  0    Dex:  8 (11) Spells: 1/7 levels left

rFire    . . .     SeeInvis .   a - +0 short sword
rCold    + . .     Gourm    .   (no shield)
rNeg     + + +     Faith    .   g - +0 leather armour
rPois    ∞         Spirit   .   (no helmet)
rElec    .         Reflect  .   (no cloak)
rCorr    .         Harm     .   (no gloves)
MR       .....                  (no boots)
Stlth    ++........             (no amulet)
HPRegen  0.00/turn              n - +2 ring of dexterity
MPRegen  0.10/turn              l - ring of wizardry (curse)

@: brilliant, rotting, hasted, very quick
A: rotting body, claws 1, carnivore, cold resistance 1, negative energy
resistance 3, inhibited regeneration, torment resistance, unbreathing
a: Curse Item, Renounce Religion


You were on level 3 of the Dungeon.
You worshipped Ashenzari.
Ashenzari was noncommittal.
You were not hungry.

You visited 1 branch of the dungeon, and saw 4 of its levels.

You collected 28 gold pieces.

Inventory:

Hand Weapons
 a - a +0 short sword (weapon)
 b - a +0 blowgun
Missiles
 f - 3 tomahawks (quivered)
 o - 41 poisoned needles
Armour
 g - a +0 leather armour (worn)
Jewellery
 l - a cursed ring of wizardry (right claw)
 n - a +2 ring of dexterity (left claw)
Scrolls
 c - 4 scrolls of magic mapping {unknown}
 e - a scroll of teleportation {unknown}
 i - a scroll of blinking {unknown}
 j - a scroll of remove curse
 k - a scroll of identify {unknown}
Comestibles
 d - 3 rations


   Skills:
 + Level 1.6 Fighting
 * Level 2.1 Short Blades
 * Level 2.6 Dodging
 + Level 3.6 Stealth
 + Level 2.2 Spellcasting
 + Level 2.6 Hexes


You had one spell level left.
You knew the following spells:

 Your Spells              Type           Power        Failure   Level  Hunger
a - Corona                Hex            ###....      1%          1    #......
b - Ensorcelled Hibernat  Hex/Ice        ##....       3%          2    ###....
c - Confuse               Hex            ###.....     4%          3    ###....

Your spell library contained the following spells:

 Spells                   Type           Power        Failure   Level  Hunger
 Tukima's Dance           Hex            ###.....     4%          3    ###....
 Dazzling Spray           Conj/Hex       ##....       7%          3    ###....


Dungeon Overview and Level Annotations

Branches:
Dungeon (4/15)
 Temple: D:4-7

Altars:
Ashenzari
Cheibriados
Hepliaklqana
Ru
Uskayaw

Annotations:
D:2 Sigmund


Innate Abilities, Weirdness & Mutations

Your body is rotting away.
You thrive on raw meat.
You are immune to poison.
You have sharp fingernails.
You are carnivorous and can eat meat at any time.
Your flesh is cold resistant. (rC+)
You are immune to negative energy. (rN+++)
You do not regenerate when monsters are visible.
You are immune to unholy pain and torment.
You can survive without breathing.


Message History

You hit the bullfrog.
The bullfrog is moderately wounded.
The bullfrog closely misses you.
You barely miss the bullfrog.
The bullfrog is moderately wounded.
The bullfrog misses you.
You closely miss the bullfrog.
The bullfrog is moderately wounded.
The bullfrog hits you but does no damage.
You hit the bullfrog.
The bullfrog is heavily wounded.
The bullfrog hits you.
You closely miss the bullfrog.
The bullfrog is heavily wounded.
The bullfrog hits you!
* * * LOW HITPOINT WARNING * * *
You hit the bullfrog.
The bullfrog is heavily wounded.
The bullfrog hits you!
You die...

#.###.....#.....#......##
#######.###....)#.....#.......#
#...............##...##.....#.###
#.#####..........#...#...........
#.#...#.###......##.##......#)###
#.###<#.# ####....#.#....####..#<
#.# #.#'###..###.#####.###..##.#.
#.###....##....###...###.........
#..(.....#....oF@#._.#.......##..
######...#.....###...###....###..
#.......###.##'##.###..####.
#.....###....#.#....###.....
#....#......##.##.......[...
#...##......#...#..........#
###...##.....##...##.........#
#............#.....#.........'
#............#.....#.........#


You could see a bullfrog and an orc.

Vanquished Creatures
  A howler monkey (D:3)
  2 adders (D:3)
  A worm (D:3)
  A dart slug (D:3)
  2 leopard geckos (D:1)
  An orc (D:3)
  4 bats
  4 giant cockroaches
  2 goblins
  4 hobgoblins
  12 kobolds
  2 frilled lizards
  6 rats
42 creatures vanquished.

Notes
Turn   | Place    | Note
-------+----------+-------------------------------------------
     0 | D:1      | Borgoz the Ghoul Enchanter began the quest for the Orb.
     0 | D:1      | Reached XP level 1. HP: 14/14 MP: 2/2
    28 | D:1      | Reached skill level 1 in Short Blades
   346 | D:1      | Reached XP level 2. HP: 11/22 MP: 3/3
  1178 | D:1      | Learned a level 2 spell: Ensorcelled Hibernation
  1524 | D:2      | Reached XP level 3. HP: 21/26 MP: 4/4
  1580 | D:2      | Noticed Sigmund
  1656 | D:2      | Reached skill level 1 in Fighting
  1778 | D:3      | Found a hide-covered altar of Uskayaw.
  2110 | D:3      | Found a snail-covered altar of Cheibriados.
  2111 | D:3      | Found a sacrificial altar of Ru.
  2111 | D:3      | Found a hazy altar of Hepliaklqana.
  2649 | D:3      | Reached XP level 4. HP: 6/34 MP: 1/6
  2982 | D:3      | Learned a level 3 spell: Confuse
  3043 | D:3      | Found a shattered altar of Ashenzari.
  3078 | D:3      | Became a worshipper of Ashenzari the Shackled
  3154 | D:3      | Noticed a bullfrog
  3256 | D:3      | Slain by a bullfrog

Skill      XL: |  1  2  3 |
---------------+----------+-----
Short Blades   | 1 2 |  2.1
Dodging        | 2 |  2.6
Fighting       | 1 |  1.6
Spellcasting   | 2 |  2.2
Stealth        | |  3.6
Hexes          | |  2.6

Action                   |  1- 3 |  4- 6 || total
-------------------------+-------+-------++-------
Melee: Dagger            |    26 |       ||    26
       Short sword       |   134 |    29 ||   163
 Cast: Corona            |     4 |       ||     4
       Ensorcelled Hiber |     8 |     6 ||    14
Invok: Curse Item        |       |     1 ||     1
  Use: Potion            |     1 |     4 ||     5
 Stab: Sleeping          |     8 |     3 ||    11
  Eat: Chunk             |     9 |     2 ||    11
Armor: Leather armour    |    26 |     8 ||    34
       Robe              |     1 |       ||     1
Dodge: Dodged            |    92 |    25 ||   117
